 Dungeon Crawl Stone Soup version 0.14.2 (webtiles) character file.

653 rftp080ptfr the Ruffian (level 7, -9/53 HPs)
             Began as a Troll Wizard on May 26, 2016.
             Was an Initiate of Cheibriados.
             Killed by divine providence
             ... invoked by an orc priest
              (12 damage)
             ... on Level 4 of the Dungeon.
             The game lasted 00:09:10 (2468 turns).

rftp080ptfr the Ruffian (Troll Wizard)              Turns: 2468, Time: 00:09:10

HP  -9/53        AC  5     Str 20      XL: 7   Next:  0%
MP   8/8         EV  9     Int 17      God: Cheibriados [......]
Gold 140         SH  0     Dex  9      Spells:  3 memorised,  5 levels left

rFire  + . .     SeeInvis .       - Unarmed
rCold  + . .     Clarity  .     i - +0 robe (curse)
rNeg   . . .     Conserve .     (shield restricted)
rPois  +         rCorr    .     b - +0 hat
rElec  +         rRot     .     (no cloak)
SustAb . .       Spirit   .     (gloves unavailable)
rMut   .         Warding  .     (boots unavailable)
Gourm  +         Stasis   .     (no amulet)
MR     .....                    (no ring)
                                (no ring)

@: repel missiles, mighty, very slow, not resistant to hostile enchantments,
unstealthy
A: unfitting armour, claws 3, fast metabolism 3, frail 1, gourmand, regeneration
2, saprovore 2, shaggy fur 1, tough skin 2, weak 1
a: Bend Time, Renounce Religion


You were on level 4 of the Dungeon.
You worshipped Cheibriados.
Cheibriados was noncommittal.
You were full.

You visited 2 branches of the dungeon, and saw 5 of its levels.

You collected 140 gold pieces.

Inventory:

Hand weapons
 q - a +0,+0 spear
Missiles
 x - 11 tomahawks (quivered)
Armour
 a - a +0 robe
 b - a +0 hat (worn)
 i - a cursed +0 robe (worn)
 t - a +0 robe
 w - a +0 robe
 H - a +0 robe
Magical devices
 E - a wand of random effects (14) {unknown}
Comestibles
 d - 6 meat rations
 r - 3 bread rations
 z - an apple
 G - 2 chunks of elf flesh
Scrolls
 f - a scroll of remove curse {unknown}
 h - a scroll of enchant weapon I {unknown}
 n - a scroll of noise {unknown}
 o - a scroll of teleportation {unknown}
 p - 2 scrolls of identify {unknown}
 y - a scroll of blinking
 B - a scroll of fear {unknown}
Jewellery
 l - a +5 ring of protection {unknown}
 C - an uncursed ring of fire {unknown}
 F - an uncursed amulet of conservation {unknown}
Potions
 j - a potion of resistance
 v - a potion of might
Books
 c - a book of Minor Magic

   Spells                             Type                      Level
   *Magic Dart                        Conjuration                  1
   *Blink                             Translocation                2
   Call Imp                           Summoning                    2
   *Repel Missiles                    Charms/Air                   2
   Slow                               Hexes                        2
   Conjure Flame                      Conjuration/Fire             3
   Mephitic Cloud                     Conjuration/Poison/Air       3


   Skills:
 - Level 1.5 Dodging
 - Level 1.1 Stealth
 + Level 7.3 Unarmed Combat
 - Level 2.0 Spellcasting
 - Level 0.6 Conjurations
   Level 0.6 Summonings
 - Level 0.6 Translocations


You had 5 spell levels left.
You knew the following spells:

 Your Spells              Type           Power        Failure   Level  Hunger
a - Magic Dart            Conj           #...         17%         1    #......
b - Blink                 Tloc           N/A          24%         2    ###....
c - Repel Missiles        Chrm/Air       #.....       30%         2    ###....


Dungeon Overview and Level Annotations

Branches:
Dungeon (4/15)             Temple (1/1) D:4

Altars:
Cheibriados
Elyvilon
Fedhas
Nemelex Xobeh
Okawaru
Sif Muna
Yredelemnul
The Shining One

Annotations:
D:3 Grinder


Innate Abilities, Weirdness & Mutations

You are too large for most types of armour.
You have claws for hands.
Your metabolism is lightning-fast.
You like to eat raw meat.
You heal very quickly.
You can eat rotten meat.
You are covered in fur (AC +1).
You have very tough skin (AC +2).
You are frail (-10% HP).
You are weak. (Str -2)


Message History

Drink which item? (? for menu, Esc to quit)
You feel very mighty all of a sudden.
It was a potion of might.
The orc closely misses you.
Drink which item? (? for menu, Esc to quit)
There was something very wrong with that liquid!
You feel dopey.
It was a potion of degeneration.
The orc hits you but does no damage.
Drink which item? (? for menu, Esc to quit)
You feel your intelligence returning.
It was a potion of restore abilities.
The orc barely misses you.
Drink which item? (? for menu, Esc to quit)
You feel extremely strange.
You feel weaker.
You feel frail.
It was a potion of mutation.
The orc hits you.
* * * LOW HITPOINT WARNING * * *
Drink which item? (? for menu, Esc to quit)
You feel slightly nauseous.
It was a potion of poison.
The orc priest mumbles some strange prayers to Beogh against you.
Something smites you!
You die...

#.# #######.......# ..#
#.......# .## ###+##### #.
.# . #. .# # #+ ####.### #
#......# # #####......# #
#roo@......# #
......Soo###..)...##########
.....#### #................
.... #......########## '##
##.##### # #(# # #.#### #
#....# # ####.# #####


You could see an orc priest, an orc wizard, an adder, 2 orcs and a quokka.

Vanquished Creatures
  Duvessa (D:4)
  A big kobold (D:4)
  Dowan (D:4)
  An orc priest (D:4)
  2 orc wizards (D:4)
  4 worker ants (D:4)
  Jessica (D:2)
  Terence (D:3)
  4 adders
  2 giant mites
  2 giant geckos (D:3)
  2 oozes
  8 orcs
  A ball python (D:2)
  4 giant cockroaches
  4 hobgoblins
  4 jackals (D:1)
  12 kobolds
  7 bats
  2 giant newts (D:1)
  7 goblins
  A kobold skeleton (D:4)
  2 quokkas
  7 rats
81 creatures vanquished.

Notes
Turn   | Place    | Note
--------------------------------------------------------------
     0 | D:1      | rftp080ptfr, the Troll Wizard, began the quest for the Orb.
     0 | D:1      | Reached XP level 1. HP: 16/16 MP: 3/3
    70 | D:1      | Reached skill level 1 in Unarmed Combat
   161 | D:1      | Reached XP level 2. HP: 22/24 MP: 3/3
   524 | D:2      | Reached XP level 3. HP: 16/31 MP: 5/5
   568 | D:2      | Found a deep blue altar of Sif Muna.
   819 | D:2      | Reached skill level 3 in Unarmed Combat
   854 | D:2      | Noticed Jessica
   865 | D:2      | Killed Jessica
   943 | D:2      | Reached XP level 4. HP: 39/39 MP: 5/5
  1275 | D:3      | Reached skill level 4 in Unarmed Combat
  1325 | D:3      | Noticed Grinder
  1551 | D:3      | Noticed Terence
  1558 | D:3      | Killed Terence
  1563 | D:3      | Learned a level 2 spell: Blink
  1566 | D:3      | Learned a level 2 spell: Repel Missiles
  1699 | D:3      | Reached XP level 5. HP: 38/45 MP: 6/6
  1924 | D:4      | Reached skill level 5 in Unarmed Combat
  2065 | D:4      | Found a staircase to the Ecumenical Temple.
  2074 | D:4      | Reached XP level 6. HP: 51/53 MP: 7/7
  2083 | Temple   | Entered the Ecumenical Temple
  2139 | Temple   | Became a worshipper of Cheibriados the Contemplative
  2233 | D:4      | Reached skill level 6 in Unarmed Combat
  2295 | D:4      | Noticed Duvessa
  2296 | D:4      | Noticed Dowan
  2312 | D:4      | Killed Duvessa
  2327 | D:4      | Killed Dowan
  2425 | D:4      | Reached skill level 7 in Unarmed Combat
  2451 | D:4      | Reached XP level 7. HP: 59/59 MP: 8/8
  2462 | D:4      | HP: 1/59 [orc priest/divine providence (12)]
  2467 | D:4      | Gained mutation: You are weak. (Str -2) [potion of mutation]
  2467 | D:4      | Gained mutation: You are frail (-10% HP). [potion of mutation]
  2467 | D:4      | HP: 2/53 [orc (2)]
  2468 | D:4      | Killed from afar by an orc priest

Action                   |  1- 3 |  4- 6 |  7- 9 || total
-------------------------+-------+-------+-------++-------
Melee: Unarmed           |   119 |   180 |       ||   299
 Cast: Repel Missiles    |       |     1 |       ||     1
  Use: Scroll            |       |     1 |       ||     1
       Potion            |       |       |     8 ||     8
